Map: Data-C

Players

GungFuBanDa

  • Race: Protoss Protoss
  • Spawn Location: 9:00

Vindicta - Winner!

  • Race: Terran Terran
  • Spawn Location: 3:00

Event: DreamHack SC2 Masters 2022 Atlanta (Offline)

VOD

Have the link to the VOD?

Description

Time

  • Played on: Nov. 18, 2022, 2:04 p.m.
  • Length: 23:35

All games in this series

Show
View Real Time Build Order
Export as new Build Order

GungFuBanDa Protoss 

Build Orders: 1 Gate Expand, Blink Stalkers, Colossus Rush 

Get SALT Encoding   

  12  0:00  Probe  
  13  0:12  Probe  
  14  0:17  Pylon  
  14  0:24  Probe (Chrono Boost)  
  15  0:36  Probe (Chrono Boost)  
  15  0:37  Gateway  
  16  0:45  Probe (Chrono Boost)  
  16  0:46  Assimilator  
  17  0:50  Probe  
  18  1:03  Probe  
  19  1:15  Probe  
  20  1:24  Cybernetics Core  
  20  1:34  Nexus  
  20  1:37  Probe  
  21  1:44  Pylon  
  21  1:50  Probe  
  22  1:58  Assimilator  
  22  2:00  Adept (Chrono Boost)  
  22  2:02  Probe (Chrono Boost)  
  22  2:05  Warp Gate  
  24  2:14  Probe (Chrono Boost)  
  25  2:22  Probe (Chrono Boost), Stalker (Chrono Boost)  
  26  2:28  Probe  
  29  2:33  Twilight Council  
  29  2:42  Shield Battery, Probe  
  30  2:47  Probe  
  31  2:55  Stalker (Chrono Boost)  
  32  2:59  Probe x2  
  34  3:09  Blink (Chrono Boost)  
  34  3:11  Probe  
  35  3:14  Probe  
  36  3:23  Probe  
  36  3:26  Probe  
  38  3:35  Probe  
  38  3:38  Probe  
  40  3:43  Gateway  
  40  3:47  Probe  
  39  3:54  Stalker  
  41  3:57  Robotics Facility  
  41  3:59  Pylon  
  41  4:01  Probe x2  
  43  4:11  Pylon  
  43  4:13  Probe x2  
  45  4:18  Sentry, Assimilator  
  45  4:22  Assimilator  
  45  4:23  Pylon  
  47  4:25  Probe  
  47  4:26  Probe  
  49  4:37  Probe, Stalker  
  52  4:38  Probe, Pylon  
  52  4:45  Observer  
  54  4:49  Nexus  
  54  4:53  Probe  
  54  4:58  Robotics Bay  
  54  4:59  Probe  
  56  5:02  Stalker  
  56  5:03  Observer  
  56  5:06  Stalker  
  60  5:08  Observer  
  60  5:11  Shield Battery  
  60  5:29  Stalker x2  
  60  5:32  Probe  
  64  5:37  Probe  
  65  5:49  Probe  
  66  5:50  Probe  
  66  5:51  Nexus  
  66  5:52  Charge, Colossus (Chrono Boost)  
  72  6:00  Stalker x2  
  72  6:01  Probe  
  72  6:02  Probe  
  78  6:08  Shield Battery, Observer  
  78  6:20  Pylon  
  78  6:22  Probe (Chrono Boost)  
  78  6:23  Probe (Chrono Boost)  
  78  6:24  Observer  
  78  6:34  Extended Thermal Lance, Forge  
  78  6:36  Gateway  
  78  6:39  Gateway  
  80  6:40  Gateway, Probe (Chrono Boost)  
  80  6:41  Colossus (Chrono Boost)  
  80  6:42  Probe (Chrono Boost)  
  86  7:02  Protoss Ground Weapons Level 1 (Chrono Boost)  
  86  7:03  Probe x2  
  86  7:05  Pylon  
  86  7:06  Shield Battery, Zealot, Sentry  
  92  7:10  Photon Cannon  
  92  7:15  Probe  
  93  7:16  Gateway  
  93  7:17  Probe  
  93  7:22  Observer, Colossus (Chrono Boost)  
  94  7:28  Probe  
  101  7:31  Zealot x3, Photon Cannon  
  107  7:37  Pylon  
  107  7:41  Probe  
  107  7:45  Probe  
  107  7:46  Probe  
  107  7:49  Pylon  
  109  7:53  Pylon  
  109  7:55  Probe, Pylon  
  109  7:57  Pylon  
  110  7:59  Zealot x3  
  110  8:00  Pylon  
  116  8:11  Warp Prism  
  118  8:13  Observer  
  118  8:19  Gateway, Probe  
  119  8:20  Probe  
  119  8:21  Gateway  
  119  8:26  Templar Archives  
  120  8:29  Probe  
  120  8:31  Protoss Ground Weapons Level 2 (Chrono Boost), Pylon  
  120  8:32  Probe  
  122  8:38  Probe  
  122  8:49  Nexus  
  122  8:53  Zealot x6  
  134  8:56  Forge  
  134  8:58  Pylon  
  134  9:04  Observer  
  134  9:08  Probe  
  135  9:15  High Templar, Protoss Ground Armor Level 1 (Chrono Boost)  
  135  9:16  High Templar x2  
  141  9:17  High Templar  
  141  9:18  Disruptor (Chrono Boost)  
  141  9:19  Zealot x4  
  141  9:22  Archon  
  141  9:23  Archon  
  154  9:30  Observer  
  154  9:35  Probe  
  154  9:36  Observer  
  155  9:41  Probe x2  
  155  9:43  Assimilator  
  155  9:44  Assimilator, Pylon  
  153  9:47  Disruptor (Chrono Boost), Robotics Facility  
  152  10:02  Probe  
  152  10:03  Probe  
  152  10:04  Probe  
  152  10:05  Shield Battery, Photon Cannon  
  155  10:08  Probe  
  156  10:16  Disruptor (Chrono Boost)  
  156  10:20  Probe x3, Pylon  
  162  10:22  Pylon  
  162  10:34  Dark Shrine  
  162  10:42  Disruptor (Chrono Boost)  
  162  10:43  Zealot x6  
  162  10:44  Zealot x2  
  162  10:49  Disruptor  
  184  10:55  Gravitic Drive, Nexus  
  184  10:58  Protoss Ground Weapons Level 3 (Chrono Boost)  
  184  10:59  Pylon  
  178  11:13  Observer, Stalker x2  
  178  11:14  Stalker x4  
  178  11:15  Zealot x2  
  192  11:27  Stargate  
  192  11:39  Assimilator  
  174  11:56  Dark Templar x3  
  174  11:57  Zealot  
  182  12:01  Gateway  
  182  12:03  Protoss Ground Armor Level 2 (Chrono Boost)  
  182  12:04  Gateway  
  182  12:06  Photon Cannon, Gateway  
  182  12:07  Pylon  
  182  12:08  Gateway  
  182  12:18  Zealot x5  
  172  12:32  Immortal (Chrono Boost)  
  162  12:39  Gravitic Boosters  
  158  12:44  Warp Prism (Chrono Boost)  
  158  12:45  Zealot x8  
  176  12:55  Photon Cannon  
  176  12:56  Probe, Photon Cannon  
  176  12:57  Fleet Beacon  
  177  12:59  Stargate, Photon Cannon  
  177  13:01  Shield Battery  
  177  13:03  Pylon  
  177  13:11  Disruptor  
  169  13:12  Disruptor  
  169  13:18  Zealot x12  
  176  13:44  Zealot x12  
  200  13:54  Protoss Shields Level 1 (Chrono Boost)  
  200  13:56  Pylon  
  153  14:10  Shadow Stride  
  118  14:20  Stalker x2  
  118  14:21  Stalker x7  
  108  14:27  Dark Templar  
  98  14:34  Dark Templar  
  98  14:35  Dark Templar  
  97  14:44  High Templar x4  
  97  14:45  High Templar x2  
  109  14:46  Zealot x3  
  109  14:50  Archon  
  111  14:56  Archon x2  
  99  15:00  Zealot  
  110  15:09  Zealot x5  
  110  15:11  Observer  
  116  15:17  Probe  
  117  15:21  Probe x2  
  117  15:25  Zealot x4, Sentry, Pylon x2  
  117  15:26  Pylon  
  117  15:28  Colossus (Chrono Boost), Immortal (Chrono Boost)  
  129  15:35  Nexus  
  129  15:38  Observer  
  129  15:39  Pylon  
  129  15:43  Dark Templar  
  129  15:44  Dark Templar x2  
  135  16:04  Stalker x3  
  141  16:15  Stalker x3  
  141  16:17  Disruptor x2  
  151  16:30  Shield Battery  
  151  16:32  Photon Cannon  
  151  16:39  Probe x2  
  151  16:40  Probe  
  151  16:51  Disruptor x2 (Chrono Boost)  
  151  16:53  Stalker x4  
  165  16:54  Assimilator  
  165  16:59  Assimilator  
  165  17:07  Observer  
  165  17:19  Disruptor x2 (Chrono Boost)  
  165  17:20  Nexus  
  171  17:44  Pylon  
  171  17:50  Observer  
  183  17:53  Tempest x2 (Chrono Boost)  
  181  18:07  Observer  
  181  18:15  Stalker x2  
  181  18:16  Stalker x2  
  181  18:19  Dark Templar x3  
  192  18:20  Zealot x3  
  198  18:28  Protoss Ground Armor Level 3 (Chrono Boost)  
  198  18:34  Observer  
  188  18:51  Protoss Shields Level 2  
  188  18:55  Tempest (Chrono Boost)  
  181  19:05  Tempest (Chrono Boost)  
  181  19:09  Zealot  
  181  19:11  Assimilator x2  
  181  19:12  Probe (Chrono Boost)  
  184  19:17  Zealot x8  
  184  19:18  Probe x2 (Chrono Boost)  
  196  19:25  Photon Cannon  
  196  19:27  Shield Battery, Photon Cannon  
  196  19:30  Photon Cannon, Pylon  
  156  19:33  Disruptor x2  
  162  19:40  Zealot x6  
  162  19:41  Zealot x5  
  143  20:09  Disruptor x2  
  149  20:15  Assimilator  
  149  20:25  Assimilator  
  149  20:26  Zealot x11  
  149  20:27  Pylon  
  163  20:37  Nexus  
  147  20:59  Stalker x2  
  147  21:00  Stalker x9  
  147  21:02  Disruptor  
  147  21:03  Disruptor  
  171  21:07  Pylon  
  161  21:25  Stalker x4  
  163  21:26  Stalker  
  163  21:28  Shield Battery  
  163  21:30  Photon Cannon  
  155  21:38  Disruptor  
  149  21:46  Zealot x3  
  149  21:47  Disruptor, Dark Templar  
  120  22:06  Stalker x5  
  120  22:07  Zealot x2, Stalker  
  134  22:15  Zealot x3  
  127  22:23  Zealot  
  127  22:24  Observer  
  119  22:34  Zealot x5  
  119  22:35  Zealot x4  
  123  22:41  Disruptor x2  
  127  22:50  Photon Cannon  
  127  22:51  Probe  
  128  22:53  Dark Templar x3  
  134  22:59  Stalker  
  109  23:26  Zealot x2, Stalker x8  
  107  23:27  Zealot x2  
Show
View Real Time Build Order
Export as new Build Order

Vindicta Terran - Winner!

Build Orders: Cyclone Opening 

Get SALT Encoding   

  12  0:00  SCV  
  13  0:12  SCV  
  14  0:17  Supply Depot  
  14  0:24  SCV  
  15  0:39  SCV  
  15  0:40  Barracks  
  16  0:44  Refinery  
  16  0:51  SCV  
  16  0:55  Refinery  
  17  1:03  SCV  
  18  1:15  SCV  
  19  1:28  Reaper, Orbital Command  
  19  1:31  Supply Depot  
  20  1:45  Factory  
  20  1:54  SCV  
  21  2:00  Bunker  
  21  2:03  Barracks Reactor  
  21  2:07  SCV  
  22  2:20  SCV  
  25  2:32  SCV  
  24  2:39  Command Center  
  24  2:40  Factory Tech Lab  
  24  2:41  Marine  
  24  2:43  Marine  
  26  2:45  SCV  
  27  2:54  Supply Depot  
  27  2:58  Cyclone  
  27  3:03  Marine  
  31  3:15  Marine, Starport  
  31  3:17  SCV  
  33  3:21  Marine  
  34  3:29  SCV  
  35  3:39  Factory Tech Lab  
  35  3:41  SCV  
  36  3:46  Marine x2  
  37  3:53  SCV  
  37  4:00  Banshee, Cloaking Field  
  40  4:04  Siege Tank  
  40  4:05  SCV, Marine  
  40  4:06  Marine  
  46  4:10  Supply Depot  
  46  4:15  Orbital Command  
  46  4:18  SCV  
  46  4:23  Marine  
  46  4:24  Marine  
  49  4:32  SCV  
  49  4:36  Supply Depot, Siege Tank  
  53  4:41  SCV  
  53  4:44  SCV  
  55  4:45  Banshee  
  58  4:53  SCV  
  58  4:55  Marine  
  58  4:56  Barracks  
  61  5:05  SCV x2  
  63  5:08  Supply Depot  
  63  5:11  Barracks  
  63  5:12  Siege Tank  
  65  5:15  Marine  
  65  5:17  SCV  
  65  5:20  Refinery  
  67  5:23  Engineering Bay  
  67  5:24  Marine  
  67  5:25  SCV  
  69  5:29  SCV  
  69  5:34  Marine  
  71  5:37  SCV  
  71  5:38  Supply Depot  
  71  5:41  Marine  
  71  5:42  SCV, Starport Reactor  
  74  5:49  SCV  
  74  5:50  Terran Infantry Weapons Level 1  
  74  5:53  Refinery, Marine  
  74  5:54  SCV  
  74  5:55  Factory Tech Lab  
  76  5:59  Stimpack  
  76  6:01  SCV  
  77  6:06  SCV  
  78  6:12  Supply Depot, Combat Shield  
  78  6:13  SCV, Marauder  
  78  6:14  Marine x2  
  78  6:18  SCV, Marauder  
  83  6:25  Supply Depot  
  83  6:26  Medivac  
  86  6:34  Medivac  
  86  6:35  Supply Depot  
  86  6:36  Marine x2  
  86  6:37  Marauder  
  86  6:39  SCV, Marauder  
  93  6:47  SCV  
  93  6:48  Supply Depot  
  93  6:52  SCV  
  94  6:54  Siege Tank  
  94  6:59  Command Center  
  94  7:00  SCV  
  96  7:02  Medivac  
  96  7:06  Marauder  
  96  7:07  SCV  
  101  7:11  Medivac  
  101  7:12  Marine  
  104  7:15  SCV  
  104  7:19  SCV  
  104  7:20  Marauder  
  108  7:23  Supply Depot  
  108  7:28  SCV, Missile Turret, Marine  
  110  7:30  Marine  
  110  7:32  SCV  
  113  7:41  Siege Tank  
  114  7:45  Terran Infantry Armor Level 1, Marine  
  113  7:52  Barracks x2  
  113  7:54  Marauder  
  113  7:56  SCV  
  113  7:57  SCV  
  117  8:02  Marine  
  117  8:03  Marine  
  117  8:05  Concussive Shells  
  121  8:08  SCV  
  121  8:09  SCV  
  123  8:17  Ghost Academy  
  123  8:18  Marauder  
  125  8:25  SCV x2  
  127  8:28  Sensor Tower, Siege Tank  
  127  8:29  Marine  
  127  8:33  Orbital Command  
  129  8:37  SCV x2  
  131  8:41  Refinery  
  131  8:42  Barracks Reactor, Barracks Tech Lab  
  131  8:43  Refinery  
  131  8:48  Enhanced Shockwaves  
  128  8:49  SCV x2  
  130  9:00  Supply Depot  
  130  9:01  SCV x2  
  131  9:03  Ghost  
  131  9:04  Ghost  
  131  9:07  Viking  
  131  9:09  SCV  
  138  9:12  Missile Turret  
  138  9:13  Missile Turret  
  138  9:15  Supply Depot, SCV x2  
  139  9:21  SCV, Siege Tank  
  145  9:24  Supply Depot  
  145  9:28  Liberator  
  146  9:32  Marauder, Marine  
  146  9:36  Marine x3  
  146  9:37  Viking, Marauder x2  
  158  9:39  Missile Turret  
  154  9:50  Marine  
  154  9:51  Engineering Bay, Armory  
  154  9:52  SCV  
  155  9:53  Ghost  
  155  9:58  Marauder x2  
  160  10:07  Supply Depot  
  160  10:08  Command Center  
  160  10:19  Ghost x2  
  164  10:26  Medivac  
  167  10:35  Supply Depot  
  167  10:37  Marine x4  
  167  10:38  Bunker  
  167  10:40  Terran Infantry Weapons Level 2  
  168  10:46  Terran Infantry Armor Level 2  
  168  10:48  Marauder  
  168  10:49  SCV x2, Marauder  
  172  10:50  Terran Ship Weapons Level 1  
  172  10:53  Marauder  
  172  10:55  Supply Depot x2  
  172  10:56  Marine x3  
  177  11:02  Siege Tank  
  180  11:07  Supply Depot, Marine  
  180  11:09  Marauder  
  180  11:10  Marauder  
  181  11:14  Marine  
  181  11:15  Marauder, Marine  
  185  11:21  Marine  
  185  11:24  SCV  
  187  11:30  Marine  
  187  11:31  Marauder  
  187  11:32  Refinery, Marauder  
  192  11:34  Siege Tank  
  192  11:36  Marauder  
  192  11:37  Fusion Core, Starport, SCV  
  192  11:38  Refinery  
  198  11:43  Marine  
  198  11:45  SCV  
  196  11:53  SCV x2, Medivac  
  199  11:57  SCV  
  199  12:05  SCV x2, Planetary Fortress  
  199  12:09  SCV  
  199  12:11  Refinery  
  200  12:18  Marauder  
  200  12:19  Marine  
  200  12:22  Marine x2  
  199  12:27  Advanced Ballistics, SCV, Starport Reactor  
  190  12:31  Missile Turret, Siege Tank  
  190  12:33  Marine  
  196  12:37  Medivac  
  196  12:39  SCV  
  196  12:43  Missile Turret x3  
  196  12:45  Marauder, Marine x2  
  198  12:51  SCV  
  198  12:56  Missile Turret  
  199  12:59  Command Center  
  199  13:00  Missile Turret  
  199  13:01  Terran Infantry Weapons Level 3  
  199  13:04  Marine  
  200  13:11  Marine  
  200  13:12  Marauder  
  200  13:14  Marine  
  200  13:15  Marine  
  200  13:17  Medivac  
  197  13:21  Marine  
  197  13:23  Liberator  
  194  13:32  Terran Infantry Armor Level 3  
  194  13:35  SCV  
  194  13:36  Command Center  
  194  13:40  Marauder, Marine x2  
  199  13:43  Marine  
  200  13:52  Terran Ship Weapons Level 2  
  199  14:07  Missile Turret  
  199  14:09  Missile Turret, Marine  
  157  14:10  Marauder, Marine  
  157  14:11  Marauder  
  157  14:12  Medivac, Marine  
  157  14:13  Siege Tank  
  148  14:17  Marine  
  148  14:20  Medivac  
  143  14:25  Medivac  
  143  14:27  Marine  
  143  14:28  Marine  
  143  14:30  Barracks, Marine  
  143  14:31  Medivac, Marine  
  137  14:32  Barracks  
  137  14:36  Marauder, Marine  
  141  14:42  Liberator, SCV  
  141  14:44  Rapid Reignition System  
  142  14:48  Marine  
  142  14:49  Liberator  
  141  14:56  Marine  
  141  14:57  Marauder, Marine x2  
  141  14:59  SCV  
  136  15:01  Marauder  
  136  15:05  Marine  
  136  15:06  SCV  
  133  15:10  SCV  
  133  15:12  SCV  
  127  15:14  SCV  
  127  15:19  SCV  
  120  15:24  Ghost  
  120  15:25  Missile Turret  
  120  15:28  Planetary Fortress  
  119  15:32  Orbital Command  
  119  15:34  Barracks Tech Lab  
  117  15:36  SCV  
  117  15:38  Barracks Tech Lab  
  117  15:42  SCV  
  121  15:43  Ghost  
  121  15:46  Marine x3  
  121  15:47  Marine x2  
  121  15:49  SCV  
  129  15:54  Marauder  
  129  15:55  Sensor Tower  
  129  15:56  Sensor Tower  
  129  15:57  SCV x3  
  129  15:58  SCV  
  129  15:59  Ghost  
  135  16:04  Ghost  
  135  16:06  SCV x2  
  135  16:09  SCV, Refinery  
  140  16:13  Ghost  
  140  16:15  Ghost  
  140  16:17  Marine x2  
  140  16:18  Marine x3  
  147  16:24  Liberator  
  152  16:27  Liberator  
  152  16:28  Liberator, Marine  
  156  16:33  Refinery  
  156  16:34  Marauder  
  156  16:38  Liberator  
  153  16:49  Missile Turret  
  153  16:51  Terran Vehicle And Ship Armor Level 1  
  153  16:52  Marine x2  
  153  16:53  Marine x2  
  159  16:59  Neosteel Armor  
  159  17:01  Sensor Tower  
  155  17:03  Marauder x3  
  155  17:05  Marauder, Marine  
  155  17:07  Liberator  
  167  17:10  Marine  
  168  17:17  Marine  
  168  17:18  Viking  
  171  17:24  Marauder x3  
  171  17:26  Sensor Tower  
  177  17:31  Marauder  
  177  17:32  Viking, Marine  
  177  17:33  Missile Turret  
  177  17:34  Missile Turret  
  178  17:37  SCV  
  181  17:45  Viking, Marauder  
  181  17:46  Marauder x2  
  181  17:49  Liberator  
  181  17:50  Liberator  
  195  17:57  Command Center  
  193  17:59  Marauder  
  195  18:10  Ghost  
  195  18:11  Liberator  
  185  18:14  Marauder x2  
  185  18:15  Marine, Ghost  
  185  18:16  Marine  
  185  18:17  Marine  
  185  18:18  Marine  
  195  18:21  Marine  
  195  18:32  Supply Depot  
  195  18:33  Marine x2  
  197  18:34  Marine  
  197  18:35  Marauder x2  
  197  18:39  Marine  
  200  18:45  Terran Vehicle And Ship Armor Level 2  
  200  18:47  Medivac x3  
  199  19:02  Medivac  
  197  19:30  Viking  
  170  19:31  Marine  
  170  19:32  Marauder x2, Marine x2  
  170  19:33  Liberator, Marauder  
  170  19:34  Liberator, Marine  
  170  19:35  Liberator  
  189  19:42  Ghost  
  191  19:46  Marine  
  191  19:48  Unknown  
  191  19:49  Marine  
  191  19:50  Marine  
  191  19:51  Marine  
  191  19:52  Marine, Ghost  
  178  19:53  Ghost  
  178  19:54  Marauder  
  166  20:00  Medivac  
  166  20:05  Marauder  
  164  20:07  Marine  
  164  20:08  Marine  
  164  20:09  Marine  
  164  20:10  Marine  
  164  20:12  Marauder  
  170  20:15  SCV x2, Marauder  
  170  20:16  Viking  
  170  20:17  Liberator  
  178  20:22  Marauder x2  
  178  20:24  Viking  
  178  20:25  Marine x2, Ghost  
  188  20:30  Viking  
  188  20:33  Marauder  
  183  20:35  Marine x2  
  183  20:37  Marauder  
  187  20:43  Missile Turret, Marauder, Marine x2  
  187  20:44  Marauder  
  186  20:53  Viking, Marine x2  
  186  20:55  Marauder x2  
  188  20:58  Marauder  
  188  21:00  Marine  
  188  21:01  Marine  
  192  21:04  Marine  
  192  21:07  Command Center  
  193  21:17  Liberator, Marine  
  187  21:22  Liberator x2  
  187  21:25  Liberator  
  194  21:30  Marine  
  194  21:31  Marauder  
  194  21:32  Marauder, Marine  
  195  21:37  Marauder, Marine x2  
  195  21:38  Marine  
  179  21:48  Marine  
  179  21:50  Marine  
  179  21:52  Marauder  
  179  21:53  Marauder  
  182  21:55  Marine x2  
  182  21:56  Planetary Fortress  
  182  22:00  Liberator  
  182  22:03  Marine  
  182  22:04  Marauder x2  
  182  22:05  Liberator x2  
  182  22:06  Marine  
  192  22:08  Medivac  
  192  22:13  Marauder  
  192  22:15  Marine  
  190  22:16  Marauder  
  190  22:20  Marine x2  
  197  22:24  Marine  
  197  22:25  Marauder  
  197  22:28  Marine  
  197  22:30  Marine  
  197  22:33  Marine  
  173  22:37  Marauder, Marine  
  173  22:38  Medivac  
  173  22:39  Marine  
  173  22:40  Marine  
  173  22:43  Medivac  
  165  22:45  Marine  
  165  22:46  Marauder  
  165  22:48  Medivac x2  
  165  22:50  Marine  
  165  22:51  Marauder, Marine  
  175  22:54  Ghost  
  175  22:58  Ghost  
  185  23:14  Marine  
  185  23:19  Missile Turret  
Tags
 
Add a new tag
Caveats
  • Supply blocks, unpowered buildings, or Contaminate may cause inaccurate times.
  • Supply counts are checked every 10 seconds.